Map: Washout LE

Players

Nar

  • Race: Protoss Protoss
  • League: Silver
  • Spawn Location: 1:00

Yoraldd - Winner!

  • Race: Zerg Zerg
  • Spawn Location: 7:00

VOD

Have the link to the VOD?

Description

Batalla de Zerg(yo) vs un Protoss xenofobico

Time

  • Played on: July 28, 2026, 7:19 p.m.
  • Length: 12:18
Show
View Real Time Build Order
Export as new Build Order

Nar Protoss 

Build Orders: Zealot Archon 

Get SALT Encoding   

  8  0:04  Probe  
  9  0:17  Probe  
  10  0:26  Pylon  
  10  0:30  Probe  
  12  0:42  Probe  
  12  0:56  Gateway  
  12  0:59  Probe (Chrono Boost)  
  13  1:10  Probe (Chrono Boost)  
  14  1:15  Probe (Chrono Boost)  
  15  1:24  Assimilator  
  15  1:25  Probe  
  16  1:37  Probe  
  17  1:49  Probe  
  18  1:57  Cybernetics Core  
  18  2:11  Nexus  
  18  2:18  Zealot  
  20  2:23  Pylon  
  20  2:27  Probe  
  21  2:39  Assimilator  
  21  2:48  Adept  
  21  2:51  Probe  
  24  3:03  Gateway  
  24  3:07  Shield Battery  
  24  3:09  Probe (Chrono Boost)  
  25  3:21  Probe (Chrono Boost)  
  26  3:29  Probe (Chrono Boost)  
  26  3:30  Probe (Chrono Boost)  
  26  3:32  Warp Gate (Chrono Boost)  
  28  3:37  Twilight Council  
  28  3:44  Probe  
  28  3:46  Probe  
  30  3:52  Gateway  
  30  3:57  Pylon  
  30  4:05  Robotics Facility  
  29  4:17  Probe x2 (Chrono Boost)  
  30  4:25  Stalker  
  30  4:29  Probe (Chrono Boost)  
  34  4:35  Assimilator, Probe (Chrono Boost)  
  34  4:37  Probe (Chrono Boost)  
  34  4:38  Pylon  
  35  4:44  Probe (Chrono Boost)  
  35  4:45  Probe (Chrono Boost)  
  36  4:49  Dark Shrine  
  37  4:56  Probe (Chrono Boost)  
  37  4:57  Probe (Chrono Boost)  
  37  4:58  Assimilator  
  39  5:03  Probe (Chrono Boost)  
  39  5:04  Probe (Chrono Boost)  
  41  5:10  Probe  
  41  5:11  Warp Prism, Probe  
  45  5:19  Forge  
  45  5:22  Shield Battery, Probe (Chrono Boost)  
  45  5:28  Probe (Chrono Boost)  
  47  5:33  Probe (Chrono Boost)  
  48  5:39  Probe  
  48  5:40  Gateway, Probe  
  50  5:43  Pylon  
  50  5:54  Photon Cannon  
  50  5:55  Shield Battery  
  50  6:01  Photon Cannon  
  50  6:02  Stalker  
  48  6:05  Adept  
  48  6:11  Dark Templar  
  42  6:27  Pylon  
  42  6:41  Dark Templar  
  44  6:53  Dark Templar  
  46  6:54  Gateway  
  17  7:17  Photon Cannon  
  17  7:18  Dark Templar  
  17  7:22  Probe x2  
  21  7:34  Probe x2  
  21  7:44  Pylon  
  21  7:46  Probe x2  
  21  7:49  Photon Cannon  
  23  7:54  Archon  
  23  7:55  Dark Templar  
  23  7:56  Dark Templar  
  23  7:58  Probe (Chrono Boost)  
  26  8:03  Probe (Chrono Boost)  
  27  8:08  Probe (Chrono Boost)  
  27  8:12  Archon, Probe (Chrono Boost)  
  29  8:13  Probe (Chrono Boost)  
  30  8:20  Zealot  
  30  8:21  Zealot  
  30  8:22  Probe  
  35  8:34  Cybernetics Core  
  35  8:36  Gateway  
  35  8:46  Dark Templar x2  
  35  8:47  Probe (Chrono Boost)  
  40  8:50  Probe (Chrono Boost)  
  40  8:51  Charge  
  41  8:59  Probe (Chrono Boost)  
  41  9:01  Probe (Chrono Boost)  
  43  9:05  Probe (Chrono Boost)  
  43  9:06  Probe (Chrono Boost)  
  37  9:22  Pylon  
  37  9:24  Pylon  
  37  9:35  Probe (Chrono Boost)  
  39  9:40  Probe (Chrono Boost)  
  39  9:41  Robotics Bay  
  39  9:45  Probe (Chrono Boost)  
  40  9:49  Probe (Chrono Boost)  
  40  9:50  Probe (Chrono Boost)  
  42  9:54  Shield Battery  
  42  9:59  Probe  
  43  10:01  Probe  
  43  10:04  Pylon  
  44  10:13  Probe (Chrono Boost)  
  44  10:14  Zealot x3  
  47  10:18  Probe (Chrono Boost)  
  54  10:29  Probe x2 (Chrono Boost)  
  54  10:35  Colossus (Chrono Boost)  
  54  10:40  Nexus  
  54  10:41  Pylon  
  60  10:53  Zealot  
  60  10:54  Zealot x2  
  60  10:55  Stalker  
  68  10:57  Probe  
  68  10:58  Probe  
  70  11:08  Shield Battery  
  70  11:17  Probe x2  
  62  11:29  Probe x2  
  58  11:33  Stalker x5  
Show
View Real Time Build Order
Export as new Build Order

Yoraldd Zerg - Winner!

Build Orders: Hatch First 

Get SALT Encoding   

  8  0:00  Drone  
  9  0:12  Drone  
  10  0:16  Drone  
  11  0:22  Drone  
  12  0:32  Overlord  
  12  0:44  Extractor  
  12  0:45  Drone, Extractor  
  12  0:46  Drone  
  14  0:52  Drone  
  15  1:02  Drone  
  16  1:12  Drone  
  17  1:27  Drone, Extractor  
  17  1:32  Hatchery, Drone  
  17  1:42  Spawning Pool  
  17  1:45  Drone  
  17  1:53  Drone  
  18  2:02  Drone  
  19  2:12  Drone  
  20  2:21  Overlord  
  20  2:31  Metabolic Boost  
  20  2:33  Overlord  
  20  2:39  Queen  
  20  2:42  Zergling x2  
  20  2:44  Queen  
  23  2:47  Zergling x2  
  26  2:52  Zergling x2  
  26  2:55  Drone  
  28  3:04  Drone  
  29  3:06  Drone  
  29  3:12  Overlord  
  30  3:18  Lair  
  30  3:24  Queen  
  32  3:30  Overlord  
  32  3:33  Drone x2  
  34  3:36  Drone  
  34  3:39  Drone  
  36  3:57  Hatchery  
  36  4:01  Zergling x6  
  38  4:03  Zergling x2  
  38  4:06  Zergling x2  
  38  4:08  Zergling x2  
  41  4:19  Zergling x2  
  41  4:20  Zergling x4  
  41  4:21  Overlord  
  44  4:28  Drone x3  
  44  4:29  Drone  
  48  4:31  Extractor  
  48  4:37  Baneling Nest  
  46  4:50  Overlord  
  46  4:51  Overlord  
  46  4:53  Drone x4  
  50  5:06  Overlord x2  
  49  5:13  Queen  
  51  5:21  Pneumatized Carapace  
  51  5:22  Drone x2  
  53  5:35  Centrifugal Hooks  
  53  5:36  Baneling x6  
  53  5:37  Baneling x4  
  53  5:40  Drone  
  53  5:41  Drone x3  
  57  5:44  Drone x2  
  57  5:47  Drone  
  60  5:56  Zergling x2  
  60  5:57  Zergling x8  
  62  6:10  Zergling x16  
  66  6:22  Zergling x4  
  66  6:23  Zergling x12  
  70  6:35  Spore Crawler x2  
  70  6:36  Overlord  
  70  6:38  Overseer  
  68  6:41  Spore Crawler  
  68  6:43  Baneling x4  
  68  6:44  Baneling x7  
  54  7:08  Zergling x2  
  54  7:09  Zergling x16  
  54  7:15  Overseer  
  59  7:21  Spore Crawler  
  59  7:22  Spore Crawler  
  54  7:24  Zergling x2  
  54  7:25  Zergling x4  
  52  7:50  Extractor  
  52  7:51  Extractor  
  48  7:55  Drone  
  48  7:56  Drone x3  
  48  7:57  Drone x2, Hatchery  
  52  8:06  Zergling x10  
  57  8:15  Hydralisk Den  
  57  8:19  Zergling x2  
  57  8:20  Zergling x10  
  62  8:29  Baneling x12  
  62  8:30  Baneling x4  
  62  8:33  Drone x2  
  62  8:34  Drone  
  65  8:47  Muscular Augments  
  65  8:50  Hydralisk x3  
  65  8:51  Hydralisk  
  60  9:16  Queen  
  56  9:17  Drone  
  56  9:18  Drone x11  
  56  9:24  Hydralisk x3  
  68  9:29  Zergling x2  
  75  9:34  Hydralisk x2  
  79  9:39  Extractor  
  79  9:40  Extractor  
  79  9:43  Hydralisk  
  79  9:44  Hydralisk x2  
  83  9:51  Grooved Spines  
  83  9:53  Hydralisk  
  83  9:54  Hydralisk x2  
  89  10:07  Drone x3  
  89  10:08  Overlord x3  
  89  10:13  Hydralisk x2  
  96  10:21  Evolution Chamber  
  96  10:22  Evolution Chamber  
  96  10:23  Evolution Chamber  
  96  10:24  Zergling x4  
  95  10:34  Overlord  
  95  10:36  Overlord  
  95  10:37  Overlord  
  95  10:41  Drone  
  95  10:42  Drone x4  
  100  10:45  Zergling x4  
  100  10:46  Zergling x2  
  100  10:49  Hydralisk  
  105  10:52  Hydralisk  
  105  10:55  Hydralisk  
  108  11:01  Zergling x2  
  108  11:02  Zergling x6  
  112  11:15  Zergling x4  
  114  11:22  Hydralisk  
  114  11:23  Hydralisk x2  
  114  11:24  Zergling x2  
  121  11:32  Zergling x2  
  122  11:33  Zergling x10  
  126  11:40  Zergling x2  
  126  11:41  Zergling x10  
  132  11:51  Hydralisk x4  
Tags
 
Composition
Zealot Archon
League
Silver
Matchup
PvZ
Spawn Locations
Cross Positions
Add a new tag
Caveats
  • Supply blocks, unpowered buildings, or Contaminate may cause inaccurate times.
  • Supply counts are checked every 10 seconds.